 Seeded DCSS version 0.29-a0-824-gd827844252 (webtiles) character file.

Game seed: 843186657473683922 (custom seed)

36 shadowstone the Covered (level 3, -3/23 HPs)
             Began as a Gargoyle Fighter on July 10, 2022.
             Was a Believer of Jiyva.
             Slain by a gnoll
             ... wielding a +0 spear
              (6 damage)
             ... on level 3 of the Dungeon.
             The game lasted 00:03:59 (1501 turns).

shadowstone the Covered (Gargoyle Fighter)          Turns: 1501, Time: 00:04:00

Health: -3/23      AC: 10    Str: 21    XL:     3   Next: 37%
Magic:  2/3        EV:  9    Int:  8    God:    Jiyva [**....]
Gold:   8          SH:  4    Dex:  9    Spells: 2/2 levels left

rFire   . . .      SeeInvis .   a - +0 long sword
rCold   . . .      Faith    .   c - +0 buckler
rNeg    + . .      Spirit   .   b - +0 scale mail
rPois   ∞          Reflect  .   (no helmet)
rElec   +          Harm     .   (no cloak)
rCorr   +          Rampage  .   (no gloves)
Will    .....                   (no boots)
Stlth   ..........              (no amulet)
HPRegen 1.03/turn               (no ring)
MPRegen 0.38/turn               (no ring)

@: no status effects
A: sickness immunity, AC +3, negative energy resistance 1, electricity
resistance, torment resistance 1, petrification resistance
a: Renounce Religion


You were on level 3 of the Dungeon.
You worshipped Jiyva.
Jiyva was pleased with you.
You visited 1 branch of the dungeon, and saw 3 of its levels.

You collected 8 gold pieces.

Inventory:

Hand Weapons
 a - a +0 long sword (weapon)
 e - a +1 antimagic halberd
Armour
 b - a +0 scale mail (worn)
 c - a +0 buckler (worn)
Potions
 d - a potion of might


   Skills:
 + Level 3.4 Fighting
 + Level 2.1 Long Blades
 + Level 4.0 Armour
 + Level 0.6 Dodging
 + Level 3.5 Shields


You had 2 spell levels left.
You didn't know any spells.
Your spell library contained the following spells:

 Spells                   Type           Power      Damage    Failure   Level
 Tukima's Dance           Hex            0%         N/A       99%         3
 Passage of Golubria      Tloc           0%         N/A       100%        4
 Yara's Violent Unravell  Hex/Tmut       0%         3d3       100%        5


Dungeon Overview and Level Annotations

Branches:
Dungeon (3/15)

Altars:
Jiyva


Innate Abilities, Weirdness & Mutations

You are immune to sickness and miasma.
Your stone body is resilient. (AC +3)
You are immune to poison.
You resist negative energy. (rN+)
You are resistant to electric shocks. (rElec)
You are resistant to unholy torment.
You are immune to petrification.


Message History

The gnoll completely misses you. The gnoll hits you but does no damage.
The gnoll completely misses you. You block the hobgoblin's attack.
The adder bites you but does no damage. The adder bites you.
The bat moves out of view.
You hit the gnoll.
You kill the gnoll!
The gnoll hits you but does no damage.
The hobgoblin hits you but does no damage.
The gnoll hits you with a +0 spear. The adder bites you but does no damage.
You block the adder's attack. The gnoll closely misses you. x2
The hobgoblin hits you. The gnoll attacks as you move away!
The gnoll barely misses you. The hobgoblin attacks as you move away!
The hobgoblin hits you but does no damage.
The adder attacks as you move away! The adder bites you.
* * * LOW HITPOINT WARNING * * *
The adder bites you but does no damage. The gnoll closely misses you.
The adder bites you but does no damage. x2
Things that are here:
a +1 antimagic halberd; a gnoll corpse
e - a +1 antimagic halberd The adder bites you but does no damage. x2
The hobgoblin hits you but does no damage.
You block the gnoll's attack.
The gnoll hits you from afar with a +0 spear.
* * * LOW HITPOINT WARNING * * *
There are no objects that can be picked up here. a gnoll corpse You can't wield that with only one hand.
The adder barely misses you. The adder bites you but does no damage.
Keep disrobing?
The hobgoblin hits you.
* * * LOW HITPOINT WARNING * * *
The gnoll hits you but does no damage. x2
You start removing your armour.
You continue taking off your +0 buckler.
The adder bites you but does no damage. The adder closely misses you.
The hobgoblin hits you but does no damage.
The gnoll hits you from afar with a +0 spear.
You die...

## ### .# # ###
##.. .##.#
....##..#####..#.#
.............^...#
........g........#
#....@Sg....#
#.....Sg..$.#
####........#
#(.###<####
#.#.......#
..........##
.......###.#
.....## .. ....
#..


You could see 2 gnolls, 2 adders and a hobgoblin.

Vanquished Creatures
  A gnoll (D:3)
  An adder (D:2)
  A dart slug (D:2)
  3 bats (D:1)
  A giant cockroach (D:2)
  3 goblins
  2 ball pythons (D:1)
  A kobold (D:1)
  5 rats
18 creatures vanquished.

Vanquished Creatures (others)
  A giant cockroach (D:1)
  A hobgoblin (D:2)
  2 jackals (D:1)
  A quokka (D:1)
  2 bats
  2 kobolds
  A rat (D:1)
  9 withered plants (D:1)
19 creatures vanquished.

Grand Total: 37 creatures vanquished

Notes
Turn   | Place    | Note
-------+----------+-------------------------------------------
     0 | D:1      | shadowstone the Gargoyle Fighter began the quest for the
                  | Orb.
     0 | D:1      | Reached XP level 1. HP: 14/14 MP: 1/1
   911 | D:1      | Found a faded altar of an unknown god.
   939 | D:1      | Reached XP level 2. HP: 19/19 MP: 2/2
   944 | D:1      | Prayed at the altar of an unknown god.
   944 | D:1      | Became a worshipper of Jiyva Joroarec the Shapeless
   944 | D:1      | Reached * piety under Jiyva
  1460 | D:2      | Reached skill level 4 in Armour
  1460 | D:2      | Reached XP level 3. HP: 23/23 MP: 3/3
  1464 | D:2      | Reached ** piety under Jiyva
  1501 | D:3      | Slain by a gnoll

Illustrated notes

Levels and vault maps discovered:
D:1:      dpeg_arrival_subterranean_lakeside_camping, layout_basic,
          ebering_ecumenical_altar_petrified, corexii_hall_statues_x
D:2:      layout_loops_cross
D:3:      layout_rooms

Skill      XL: |  1  2 |
---------------+-------+-----
Long Blades    | 2 |  2.1
Armour         | 4 |  4.0
Fighting       | |  3.4
Dodging        | |  0.6
Shields        | |  3.5

Action                   || total
-------------------------++-------
Melee: Long sword        ||    77
Armor: Scale mail        ||   167
Dodge: Dodged            ||   122
Block: Buckler           ||    46

Table legend: (Time is in decaauts)
 A = Elapsed time spent in this place.
 B = Non-inter-level travel time spent in this place.
 C = Inter-level travel time spent in this place.
 D = Time resting spent in this place.
 E = Time spent auto-exploring this place.
 F = Levels seen in this place.
 G = Mean time per level.
                   A        B        C        D        E       F      G
               +--------+--------+--------+--------+--------+-----+--------+
         Total |   1538 |   1516 |     22 |    722 |      0 |   3 |  512.7 |
       Dungeon |   1538 |   1516 |     22 |    722 |      0 |   3 |  512.7 |
               +--------+--------+--------+--------+--------+-----+--------+

Top non-repeatable levels by time:
     D:1: 1390 daAuts
     D:2: 129 daAuts
     D:3: 19 daAuts
